Jonadab, lawful male dwarven Archeologist ----- |...| |hf<| --I..#############I## ### #--.---------- # #|`.........`| # #|.....`.....| # #|...-----...| % #|.....{.|...| *## #...`|{.{|`..| # #|...| .|...| # |...-----...| #I# |.....`.....| |`.........`| ------------- Jonadab the Investigator Experience level: 6 Strength: 18 Dexterity: 9 Constitution: 13 Intelligence: 14 Wisdom: 14 Charisma: 13 Health: 0(39) Energy: 21(21) AC: 3 Gold: 0 Moves: 3500 Your Inventory: Weapons a - a [blessed +0] long sword (alternate weapon; not wielded) c - 12 uncursed [+0] daggers (in quiver) Armor r - an uncursed +0 fedora (being worn) t - an [uncursed] +0 cloak of protection (being worn) G - a [blessed] +1 studded leather armor (being worn) Comestibles d - 3 uncursed food rations j - an [uncursed] lichen corpse B - 2 uncursed tripe rations Rings e - an [uncursed] ring of invisibility named b.U y - an uncursed shiny ring named b.U [of searching] Y - an [uncursed] platinum ring named b.U [of see invisible] Tools b - an uncursed sack k - an [uncursed] key [skeleton key] o - 4 uncursed [tallow] candles q - an uncursed +0 pick-axe (weapon in hand) w - an uncursed tin whistle F - an [uncursed] tin whistle T - an uncursed tinning kit (0:39) Gems g - an uncursed touchstone u - 3 uncursed worthless pieces of violet glass Q - an [uncursed] amber stone S - an [uncursed] garnet stone Contents of the sack: 2257 gold pieces an [uncursed] scroll labeled KERNOD WEL [of confuse monster] an [uncursed] scroll labeled KIRJE [of remove curse] an [uncursed] scroll of teleportation a [blessed] unlabeled scroll [of blank paper] 3 [uncursed] unlabeled scrolls [of blank paper] an [uncursed] key [skeleton key] an [uncursed] flint stone an uncursed ruby an uncursed touchstone Spells known in the end: Name Level Category Fail Memory a - detect monsters 1 divination 8% [|||||||.] Your skills at the end: Fighting Skills Weapon Skills pick-axe [Basic / Expert] sling [Basic / Skilled] whip [Basic / Expert] Spellcasting Skills Final Attributes: You were piously aligned. Hunger level was 257. Your alignment was 27 / 27. Monster difficulty range was 1 - 6. Level difficulty was 6. You were telepathic. You had infravision. You were stealthy. You were fast. Your luck was zero. You are dead. Vanquished creatures: 2 leprechauns a dwarf lord an Uruk-hai a rock mole a gnome lord a gnomish wizard a paper golem a giant ant 4 floating eyes a dwarf 3 homunculi a kobold lord 2 giant bats 3 dwarf zombies 2 iguanas a hobbit 2 giant rats 2 cave spiders a yellow mold a red mold 19 gnomes 3 geckos 3 jackals 3 foxes a kobold 3 sewer rats 4 grid bugs a bat 3 lichens 2 kobold zombies 2 newts 76 creatures vanquished. Voluntary challenges: You used a wielded weapon 59 times. You read items or engraved 3 times. You put on armor 5 times. You never genocided any monsters. You never polymorphed an object. You never changed form. You used no wishes. You wrote Elbereth's name 2 times. You never encountered a bones level. You never used any Sokoban shortcuts. Dungeon overview: The Dungeons of Doom: levels 1 to 6 Level 1 a long staircase Level 2 a bookstore, a fountain stairs to The Gnomish Mines Level 3 a fountain Level 4 a fountain, a sink Level 5 a weapon shop, a fountain Level 6 <- You were here some fountains The Gnomish Mines: levels 3 to 7 Level 3 stairs to The Dungeons of Doom Level 6 some shops, a temple, a magic chest, some fountains History has recorded: On T:1 you entered the Dungeons of Doom to retrieve the Amulet of Yendor! On T:43 you reached level 2 of The Dungeons of Doom. On T:339 you reached level 1 of The Gnomish Mines. On T:475 you reached level 2 of The Gnomish Mines. On T:582 you reached level 3 of The Gnomish Mines. On T:696 you reached level 4 of The Gnomish Mines. On T:736 you reached level 5 of The Gnomish Mines. On T:962 you advanced to experience level 2. On T:975 you advanced to experience level 3. On T:1055 you advanced to experience level 4. On T:1480 you advanced to experience level 5. On T:1930 you reached level 3 of The Dungeons of Doom. On T:2090 you reached level 4 of The Dungeons of Doom. On T:2425 you reached level 6 of The Dungeons of Doom. On T:2441 you advanced to experience level 6. On T:2477 you reached level 5 of The Dungeons of Doom. Latest messages: Cauchy drops a kobold lord corpse. [HP+1=11] You start digging downward. Cauchy picks up a kobold lord corpse. You dig a pit in the floor. [2 turns] You start digging downward. [HP+1=12] Cauchy bites it. It hits Cauchy. It hits! You stop digging. [HP-4=8] [3 turns] You miss it. Cauchy misses it. It hits! [HP-4=4] You miss it. You hit it. Cauchy bites it. It hits! You die... Final status: Goodbye Jonadab the Archeologist... You died in The Dungeons of Doom on dungeon level 6 with 3900 points, and 2257 pieces of gold, after 3500 moves. You were level 6 with a maximum of 39 hit points when you died.